 Dungeon Crawl Stone Soup version 0.18.1-50-g88ac8fd (webtiles) character file.

72 Chiseanne the Sneak (level 4, -1/23 HPs)
             Began as a Spriggan Assassin on Apr 4, 2017.
             Slain by a hobgoblin
             ... wielding a +0 club
              (4 damage)
             ... on level 2 of the Dungeon.
             The game lasted 00:03:31 (1667 turns).

Chiseanne the Sneak (Spriggan Assassin)             Turns: 1667, Time: 00:03:32

Health: -1/23      AC:  3    Str:  7    XL:     4   Next: 7%
Magic:  5/5        EV: 18    Int: 12    God:
Gold:   45         SH:  0    Dex: 18    Spells: 0 memorised, 3 levels left

rFire  . . .     SeeInvis +     w - +0 blowgun
rCold  . . .     Gourm    .     c - +0 robe
rNeg   . . .     Faith    .     (shield restricted)
rPois  .         Spirit   .     (helmet restricted)
rElec  .         Dismiss  +     d - +0 cloak
rCorr  .         Reflect  .     (gloves unavailable)
SustAt .         Harm     .     (boots unavailable)
MR     .....                    i - amulet of dismissal
Stlth  ++++......               (no ring)
                                (no ring)

@: very quick, not resistant to hostile enchantments, stealthy
A: unfitting armour, see invisible, herbivore 3, speed 3, slow metabolism 2
a: no special abilities


You were on level 2 of the Dungeon.
You were not hungry.

You visited 1 branch of the dungeon, and saw 2 of its levels.

You collected 45 gold pieces.

Inventory:

Hand Weapons
 a - a +2 dagger
 w - a +0 blowgun (weapon)
Missiles
 e - 3 poisoned needles (quivered)
 f - 2 curare-tipped needles
 h - 80 stones
 k - 18 sling bullets
 m - 13 arrows
Armour
 c - a +0 robe (worn)
 d - a +0 cloak (worn)
Jewellery
 b - an uncursed amulet of guardian spirit {unknown}
 i - an amulet of dismissal (around neck)
Scrolls
 j - 2 scrolls of teleportation
Comestibles
 g - a bread ration


   Skills:
 * Level 2.6 Fighting
 - Level 2.1 Short Blades
 + Level 2.5 Throwing
 + Level 2.4 Dodging
 * Level 6.6 Stealth


You had 3 spell levels left.
You didn't know any spells.

Dungeon Overview and Level Annotations

Branches:
Dungeon (2/15)

Altars:

Annotations:
D:2 Robin


Innate Abilities, Weirdness & Mutations

You are tiny and cannot use many weapons and most armour.
You have supernaturally acute eyesight.
You are a herbivore.
You cover ground extremely quickly.
You need consume almost no food.


Message History

The stone hits the hobgoblin but does no damage.
You completely miss the kobold. The kobold hits you but does no damage.
You hit the kobold but do no damage. The kobold hits you with a dagger.
* * * LOW HITPOINT WARNING * * *
You closely miss the kobold. The kobold closely misses you.
Wield which item (- for none, * to show all)? (? for menu, Esc to quit)
w - a +0 blowgun (weapon)
Firing (i - inventory. (,) - cycle):
e - 5 poisoned needles (quivered)
Press: ? - help, Shift-Dir - straight line, f - kobold
Aim: a kobold, wielding a dagger You shoot a poisoned needle.
The poisoned needle misses the kobold.
The kobold barely misses you. The hobgoblin hits you with a club.
* * * LOW HITPOINT WARNING * * *
Firing (i - inventory. (,) - cycle):
e - 4 poisoned needles (quivered)
Press: ? - help, Shift-Dir - straight line, f/p - kobold
Aim: a kobold, wielding a dagger You shoot a poisoned needle.
The poisoned needle hits the kobold.
The kobold is poisoned.
The kobold barely misses you. The hobgoblin hits you with a club.
You die...

### ..# #.# #K#
#@# #g#
..####### #.#
.......<# #.#
#####.#.# #.#
#...#+#(#
.########....#
b......รท.....#
#########....#


You could see a hobgoblin and a kobold.

Vanquished Creatures
  2 adders (D:2)
  2 oozes (D:1)
  A dart slug (D:1)
  A giant gecko (D:1)
  A giant cockroach (D:2)
  10 goblins
  4 hobgoblins
  4 jackals (D:1)
  A quokka (D:2)
  3 bats
  A giant newt (D:2)
  5 kobolds
  5 rats
40 creatures vanquished.

Notes
Turn   | Place    | Note
--------------------------------------------------------------
     0 | D:1      | Chiseanne the Spriggan Assassin began the quest for the Orb.
     0 | D:1      | Reached XP level 1. HP: 10/10 MP: 2/2
   349 | D:1      | Reached skill level 6 in Stealth
   367 | D:1      | Reached XP level 2. HP: 11/15 MP: 3/3
   779 | D:1      | Reached XP level 3. HP: 16/18 MP: 4/4
  1236 | D:2      | Noticed Robin
  1494 | D:2      | Reached XP level 4. HP: 23/23 MP: 5/5
  1667 | D:2      | Slain by a hobgoblin

Skill      XL: |  1  2 |
---------------+-------+-----
Stealth        | 6 |  6.6
Fighting       | 2 |  2.6
Dodging        | 2 |  2.4
Short Blades   | |  2.1
Throwing       | |  2.5

Action                   |  1- 3 |  4- 6 || total
-------------------------+-------+-------++-------
Melee: Dagger            |   132 |    15 ||   147
 Fire: Blowgun           |     2 |     5 ||     7
  Use: Scroll            |     3 |       ||     3
 Stab: Sleeping          |     4 |     1 ||     5
       Distracted        |     2 |       ||     2
Armor: Robe              |    17 |     5 ||    22
Dodge: Dodged            |    94 |    25 ||   119
